 Dungeon Crawl Stone Soup version 0.32-a0-136-gc02482bde3 (webtiles) character file.

Game seed: 9623129772915354211

2641 CougarLife the Caller (level 9, -2/41 (57) HPs)
             Began as a Merfolk Summoner on Feb 10, 2024.
             Killed by divine providence
             ... invoked by Jeremiah
              (14 damage)
             ... on level 7 of the Dungeon.
             The game lasted 00:19:32 (9650 turns).

CougarLife the Caller (Merfolk Summoner)            Turns: 9650, Time: 00:19:33

HP:   -2/41 (57)    AC:  6    Str:  9    XL:     9   Next: 61%
MP:   15/18         EV: 12    Int: 18    God:
Gold: 467           SH:  0    Dex: 14    Spells: 6/20 levels left

rFire   . . .        w - +2 spear (freeze)
rCold   . . .        (no shield)
rNeg    . . .        a - +0 robe
rPois   .            D - +0 helmet
rElec   .            B - +0 cloak
rCorr   .            p - +0 pair of gloves
SInv    .            C - +0 pair of boots
Will    .....        (no amulet)
Stlth   ++           (no ring)
HPRegen 0.26/turn    (no ring)
MPRegen 0.16/turn

%: no passive effects
@: very heavily drained
A: (nimble swimmer 2), mertail
a: no special abilities


You were on level 7 of the Dungeon.
You visited 2 branches of the dungeon, and saw 8 of its levels.
You also visited: Sewer.

You collected 467 gold pieces.

Inventory:

Hand Weapons
 w - a +2 spear of freezing (weapon)
Armour
 a - a +0 robe (worn)
 p - a +0 pair of gloves (worn)
 B - a +0 cloak (worn)
 C - a +0 pair of boots (worn)
 D - a +0 helmet (worn)
Jewellery
 v - a ring of fire
Wands
 x - a wand of flame (25)
Scrolls
 c - 4 scrolls of immolation {unknown}
 d - a scroll of amnesia {unknown}
 g - 6 scrolls of identify {unknown}
 h - 6 scrolls of teleportation {unknown}
 i - 2 scrolls of poison {unknown}
 m - a scroll of butterflies {unknown}
 n - 4 scrolls of enchant weapon {unknown}
 q - a scroll of acquirement {unknown}
 s - 3 scrolls of revelation {unknown}
 t - 2 scrolls of fog {unknown}
 y - a scroll of fear {unknown}
 A - a scroll of blinking {unknown}
Potions
 b - a potion of magic
 e - 2 potions of attraction {unknown}
 f - a potion of might {unknown}
 j - a potion of berserk rage {unknown}
 k - 3 potions of enlightenment
 l - a potion of brilliance {unknown}
 o - 2 potions of haste {unknown}
 r - a potion of lignification {unknown}
 u - a potion of heal wounds {unknown}
 z - a potion of curing


   Skills:
 + Level 7.3 Polearms
 - Level 2.6 Dodging
 - Level 2.1 Stealth
 + Level 6.2 Spellcasting
 + Level 7.7 Summonings
 - Level 5.0 Fire Magic
 * Level 0.0 Air Magic


You had 6 spell levels left.
You knew the following spells:

 Your Spells              Type           Power      Damage    Failure   Level
a - Summon Small Mammal   Summ           100%       N/A       1%          1
b - Call Imp              Summ           66%        N/A       1%          2
c - Call Canine Familiar  Summ           33%        N/A       1%          3
d - Summon Blazeheart Go  Fire/Summ      28%        N/A       9%          4
e - Summon Lightning Spi  Summ/Air       19%        N/A       24%         4

Your spell library contained the following spells:

 Spells                   Type           Power      Damage    Failure   Level
 Freeze                   Ice            20%        1d4       12%         1
 Sting                    Conj/Alch      20%        1d4       12%         1
 Mercury Vapours          Alch/Air       10%        N/A       19%         2
 Momentum Strike          Conj/Tloc      10%        3d8       19%         2
 Frozen Ramparts          Ice            10%        1d2       34%         3
 Hailstorm                Conj/Ice       5%         3d5       34%         3
 Olgreb's Toxic Radiance  Alch           5%         N/A       75%         4
 Vhi's Electric Charge    Tloc/Air       10%        N/A       75%         4
 Arcjolt                  Conj/Air       2%         1d12      97%         5
 Freezing Cloud           Conj/Ice/Air   2%         6-21      97%         5
 Iskenderun's Battlesphe  Conj           5%         2d6       97%         5
 Maxwell's Capacitive Co  Air            2%         ∞         100%        8


Dungeon Overview and Level Annotations

Branches:
Dungeon (7/15)             Temple (1/1) D:6           Sewer (visited)

Altars:
Ashenzari
Cheibriados
Dithmenos
Elyvilon
Fedhas
Gozag
Kikubaaqudgha
Makhleb
Nemelex Xobeh
Okawaru
Ru
Trog
Uskayaw
Vehumet
Wu Jian
Xom
Yredelemnul
Zin
The Shining One

Shops:
D:2 [*[   D:7 [

Annotations:
D:7 exclusions: inugami and 1 more exclusion, Jeremiah


Innate Abilities, Weirdness & Mutations

((You are very nimble when in or above water. (Stealth+, EV+, Speed+++)))
Your lower body shifts to a powerful aquatic tail in water.


Message History

There is a stone staircase leading up, spattered with blood here.
Jeremiah hits you from afar with a +4 trident of draining!
You feel drained.
Casting: Call Canine Familiar (safe; 1% risk of failure)
Confirm with . or Enter, or press ? or * to list all spells.
A fiery spirit appears, bound in slag iron.
Jeremiah hits you but does no damage.
You feel drained. What are your orders? t - Shout!
Orders for allies: a - Attack new target. r - Retreat! s - Stop attacking. g - Guard the area. f - Follow me.
Anything else - Cancel.
Gang up on whom?
Press: ? - help, Dir - move target, f - Jeremiah
Aim: Jeremiah, wielding a +4 trident of draining, wearing a +1 robe of cold resistance and wearing an orb of energy (moderately wounded, ally target) Attack!
Jeremiah hits you from afar with a +4 trident of draining.
You feel drained.
Your blazeheart golem punches Jeremiah!
Jeremiah hits your blazeheart golem with a +4 trident of draining.
The butterfly disappears in a burst of colours!
Jeremiah hits your blazeheart golem with a +4 trident of draining.
Your blazeheart golem punches Jeremiah!
You reach to attack!
You completely miss Jeremiah.
Jeremiah is almost dead.
You reach to attack!
You hit Jeremiah but do no damage.
Jeremiah is almost dead.
The butterfly disappears in a burst of colours!
Jeremiah hits you from afar with a +4 trident of draining!
You feel drained.
* * * LOW HITPOINT WARNING * * *
You are too injured to fight recklessly!
Reach: w) +2 spear (freeze)
Press: ? - help, Dir - move target, f/p - Jeremiah
Aim: Jeremiah, wielding a +4 trident of draining, wearing a +1 robe of cold resistance and wearing an orb of energy (almost dead, ally target, about 40% to evade your +2 spear of freezing)
You could not reach far enough!
Jeremiah mumbles a slurred invocation.
Something smites you!
You die...
Jeremiah says, "O terrible one, your will is done."

##...##..b..##..##......#
#..#..###+###..#######.## ###
h..##.........## ##.## ##.##
.#####..###...# ##.#.###.#.## ##
#...## #...# #.###...###.## #
##.### #...#### ##.#.#...#..##
###.#.## ##...bF# ##.##.##.#.##
##.###.#########9########.##.#.##
##..#........bb.@bb...# #.##.....
...†.# ######.##b##.#.# #.####.##
.###.### ##>##<##.#.###..>...# [
#...# #...>.##.....######## #.#.#
#..##.##.#.#.# ...#.#
#...<....#.#.# #####.#
#b###......#.# #.# .. ########.#
######.# #.....#


You could see Jeremiah (ally target) and a friendly blazeheart golem (summoned).

Vanquished Creatures
  A black bear (D:6)
  A nameless horror (D:7)
  A scorpion (D:6)
  3 wights (D:6)
  A bombardier beetle (D:7)
  3 orc priests
  A jelly (D:5)
  4 hounds
  An iguana (D:7)
  A sleepcap (D:5)
  2 orc wizards (D:7)
  A gnoll (D:6)
  An adder (Sewer)
  2 river rats (Sewer)
  An ufetubus (D:5)
  3 ribbon worms
  4 orcs
  3 endoplasms
  5 giant cockroaches
  A goblin (D:2)
  3 hobgoblins (D:4)
  2 jackals (Sewer)
  4 quokkas
  4 ball pythons
  9 bats
  2 frilled lizards (Sewer)
  A kobold (D:1)
  3 rats
68 creatures vanquished.

Vanquished Creatures (collateral kills)
  A water moccasin (D:7)
  An ice beast (D:7)
  3 ogres
  3 sky beasts (D:7)
  A black bear (D:7)
  A phantom (D:5)
  A kobold brigand (D:7)
  A scorpion (D:6)
  A bullfrog (D:6)
  A gnoll sergeant (D:7)
  7 hounds
  4 bombardier beetles
  An orc priest (D:6)
  A jelly (D:5)
  Jessica (D:3)
  2 iguanas
  An orc wizard (D:7)
  2 adders
  10 gnolls
  4 river rats (Sewer)
  A shadow imp (D:7)
  A white imp (D:7)
  3 ufetubi (D:5)
  2 dart slugs
  9 orcs
  4 bats
  4 giant cockroaches
  A goblin (D:1)
  8 hobgoblins
  A jackal (Sewer)
  4 kobolds
  A quokka (D:5)
  3 ball pythons
  A frilled lizard (D:1)
  A rat (D:1)
91 creatures vanquished.

Vanquished Creatures (others)
  3 blazeheart cores
3 creatures vanquished.

Grand Total: 162 creatures vanquished

Notes
Turn   | Place    | Note
-------+----------+-------------------------------------------
     0 | D:1      | CougarLife the Merfolk Summoner began the quest for the
                  | Orb.
     0 | D:1      | Reached XP level 1. HP: 13/13 MP: 3/3
   161 | D:1      | Reached XP level 2. HP: 15/19 MP: 0/5
   168 | D:1      | Learned a level 2 spell: Call Imp
   947 | D:2      | Reached XP level 3. HP: 23/24 MP: 3/6
   998 | D:2      | Found Feduen's Antique Armour Boutique.
  1076 | D:2      | Found Zozxynonn's Assorted Antiques.
  1144 | D:2      | Found Tifaamoi's Armour Shop.
  1352 | D:2      | Found a faded altar of an unknown god.
  1495 | D:2      | Learned a level 3 spell: Call Canine Familiar
  1604 | D:3      | Noticed Jessica
  1616 | D:3      | Killed Jessica
  1617 | D:3      | Reached XP level 4. HP: 30/30 MP: 3/8
  2411 | D:4      | Reached skill level 5 in Summonings
  2764 | D:4      | Reached XP level 5. HP: 19/35 MP: 5/10
  2773 | D:4      | Reached skill level 1 in Polearms
  3118 | D:4      | Found a shimmering altar of Xom.
  3301 | D:5      | Entered Level 5 of the Dungeon
  3393 | D:5      | Reached XP level 6. HP: 35/41 MP: 6/11
  3532 | D:5      | HP: 2/41 [acid (11)]
  3940 | D:5      | Reached XP level 7. HP: 46/46 MP: 9/13
  3972 | D:5      | Learned a level 4 spell: Summon Blazeheart Golem
  4399 | D:5      | Reached skill level 1 in Fire Magic
  4794 | D:5      | HP: 1/46 [phantom (5)]
  5614 | D:6      | Reached XP level 8. HP: 34/52 MP: 10/15
  5623 | D:6      | Got the Spellbook of Power
  5640 | D:6      | Reached skill level 5 in Polearms
  5640 | D:6      | Reached skill level 5 in Spellcasting
  5785 | D:6      | Found a glowing drain.
  5788 | Sewer    | Entered a sewer
  6940 | D:6      | Found a staircase to the Ecumenical Temple.
  6971 | Temple   | Entered the Ecumenical Temple
  7218 | D:7      | Reached XP level 9. HP: 32/57 MP: 11/17
  7422 | D:7      | Found Ruzatax's Armour Shoppe.
  7726 | D:7      | Noticed a kobold demonologist
  8279 | D:7      | Learned a level 4 spell: Summon Lightning Spire
  8883 | D:7      | Reached skill level 5 in Fire Magic
  8976 | D:7      | Noticed Jeremiah
  9650 | D:7      | Killed from afar by Jeremiah

Illustrated notes

Levels and vault maps discovered:
D:1:      minmay_arrival_wavy_path, layout_basic,
          nicolae_kite_square_tiling_tiny, nrook_campfire
D:2:      layout_rooms, shapermc_ecumenical_altar_mp_vishouse, serial_shops,
          shop, shop, shop
D:3:      wad_lake_hut, layout_basic, uniq_jessica
D:4:      layout_cave_pods, lemuel_doored_altar, minmay_misc_feat_five
D:5:      layout_layer_cave, minmay_misc_feat_x
D:6:      layout_cave_pools, minmay_temple_entry_junction,
          mainiacjoe_sewer_entry_somewhere_in_here_1, dreamdust_gnoll_farm
D:7:      minmay_the_grid_octo_2x2 [minmay_the_grid_octo_odd_swirl,
          minmay_the_grid_octo_concentric, minmay_the_grid_octo_vomiting_pacman,
          minmay_the_grid_octo_prize_big_c], layout_loops_cross, serial_shops,
          nicolae_shop_pleasant_corner_grove, uniq_jeremiah
Temple:   hc_temple_tempest_star

Skill      XL: |  1  2  3  4  5  6  7  8  9 |
---------------+----------------------------+-----
Spellcasting   | 3 4 5 6 |  6.2
Summonings     | 5 6 7 |  7.7
Polearms       | 2 3 4 6 7 |  7.3
Fire Magic     | 2 4 5 |  5.0
Dodging        | |  2.6
Stealth        | |  2.1

Action                     |  1- 3 |  4- 6 |  7- 9 || total
---------------------------+-------+-------+-------++-------
  Melee: Unarmed           |    36 |       |       ||    36
         Dagger            |    39 |    27 |       ||    66
         Punch             |     5 |     5 |     8 ||    18
         Spear             |       |    68 |   230 ||   298
         Tailslap          |       |       |     5 ||     5
   Cast: Summon Small Mamm |    28 |     2 |     5 ||    35
         Call Imp          |     4 |    11 |    18 ||    33
         Call Canine Famil |     2 |    14 |    44 ||    60
         Summon Blazeheart |       |       |    20 ||    20
    Use: Potion            |       |       |     3 ||     3
   Stab: Distracted        |     2 |       |     3 ||     5
         Sleeping          |     1 |     3 |     6 ||    10
 Armour: Robe              |    54 |    55 |   128 ||   237
  Dodge: Dodged            |    79 |    86 |   130 ||   295

Table legend: (Time is in decaauts)
 A = Elapsed time spent in this place.
 B = Non-inter-level travel time spent in this place.
 C = Inter-level travel time spent in this place.
 D = Time resting spent in this place.
 E = Time spent auto-exploring this place.
 F = Levels seen in this place.
 G = Mean time per level.
                   A        B        C        D        E       F      G
               +--------+--------+--------+--------+--------+-----+--------+
         Total |   9447 |   9308 |    139 |   2660 |   4353 |   9 | 1049.7 |
       Dungeon |   8955 |   8816 |    139 |   2597 |   4174 |   7 | 1279.3 |
        Temple |      1 |      1 |      0 |      0 |      0 |   1 |    1.0 |
         Sewer |    490 |    490 |      0 |     63 |    178 |   1 |  490.0 |
               +--------+--------+--------+--------+--------+-----+--------+

Top non-repeatable levels by time:
     D:5: 2218 daAuts
     D:7: 1963 daAuts
     D:6: 1428 daAuts
     D:4: 983 daAuts
     D:1: 935 daAuts
     D:3: 868 daAuts
     D:2: 557 daAuts
   Sewer: 490 daAuts
  Temple: 1 daAuts
